 Dungeon Crawl Stone Soup version 0.31-a0-838-g67fb590 (webtiles) character file.

Game seed: 15062602162510381058

140 BarneyGumball the Digger (level 5, -3/31 HPs)
             Began as an Octopode Earth Elementalist on Sept 26, 2023.
             Slain by an iguana (6 damage)
             ... on level 3 of the Dungeon.
             The game lasted 00:04:35 (2719 turns).

BarneyGumball the Digger (OpEE)                     Turns: 2719, Time: 00:04:35

Health: -3/31      AC:  1    Str:  7    XL:     5   Next: 23%
Magic:  1/8        EV: 13    Int: 20    God:
Gold:   119        SH:  5    Dex: 12    Spells: 2/8 levels left

rFire   . . .        c - +0 dagger
rCold   . . .        (no shield)
rNeg    . . .        (helmet restricted)
rPois   .            e - amulet of reflection
rElec   .            a - ring of willpower
rCorr   .            (no ring)
SInv    .            (no ring)
Will    +....        (no ring)
Stlth   +++          (no ring)
HPRegen 0.25/turn    (no ring)
MPRegen 0.11/turn    (no ring)
                     (no ring)

%: reflection
@: very slightly contaminated
A: almost no armour, amphibious, 8 rings, camouflage 1, gelatinous body 1,
(nimble swimmer 1), tentacles
a: no special abilities


You were on level 3 of the Dungeon.
You visited 1 branch of the dungeon, and saw 3 of its levels.

You collected 174 gold pieces.
You spent 55 gold pieces at shops.

Inventory:

Hand Weapons
 c - a +0 dagger (weapon)
Magical Staves
 l - a staff of death
Jewellery
 a - a ring of willpower (left tentacle)
 e - an amulet of reflection (around mantle)
Scrolls
 b - 3 scrolls of identify
 d - a scroll of immolation {unknown}
 f - a scroll of enchant armour
 g - a scroll of teleportation {unknown}
 h - a scroll of poison {unknown}
 i - a scroll of fear {unknown}
 j - a scroll of amnesia
Potions
 k - 2 potions of enlightenment
 n - 2 potions of curing {unknown}


   Skills:
 - Level 2.0 Dodging
 - Level 2.6 Stealth
 - Level 2.0 Spellcasting
 + Level 3.2 Conjurations
 - Level 1.0 Transmutations
 + Level 4.5 Earth Magic


You had 2 spell levels left.
You knew the following spells:

 Your Spells              Type           Power      Damage    Failure   Level
a - Sandblast             Erth           40%        2d10      2%          1
b - Passwall              Tmut/Erth      10%        N/A       8%          2
c - Stone Arrow           Conj/Erth      34%        3d9       10%         3

Your spell library contained the following spells:

 Spells                   Type           Power      Damage    Failure   Level
 Brom's Barrelling Bould  Conj/Erth      17%        2d4       32%         4
 Petrify                  Tmut/Erth      13%        N/A       45%         4
 Olgreb's Toxic Radiance  Pois           2%         N/A       83%         4
 Discord                  Hex            1%         N/A       100%        8
 Ignition                 Fire           1%         3d3       100%        8


Dungeon Overview and Level Annotations

Branches:
Dungeon (3/15)

Altars:
The Shining One

Shops:
D:2 !


Innate Abilities, Weirdness & Mutations

You cannot wear most types of armour.
You are amphibious.
You can wear up to eight rings at the same time.
Your skin changes colour to match your surroundings (Stealth+).
Your rubbery body absorbs attacks. (AC +1, EV +1)
((You are camouflaged when in or above water. (Stealth+)))
You have tentacles for arms and can constrict up to eight enemies at once.


Message History

The iguana bites you!
You closely miss the iguana. You grab the iguana.
You constrict the iguana, but do no damage.
The iguana bites you!
Casting: Sandblast (safe; 2% risk of failure)
Confirm with . or Enter, or press ? or * to list all spells.
Aiming: Sandblast (safe; 2% risk of failure)
Press: ? - help, Shift-Dir - straight line, f/p - iguana
Aim: an iguana (constricted by you, 100% to hit)
The blast of sand hits the iguana.
The iguana is lightly wounded.
You constrict the iguana. You block the iguana's attack. The iguana misses you.
Casting: Sandblast (safe; 2% risk of failure)
Confirm with . or Enter, or press ? or * to list all spells.
Aiming: Sandblast (safe; 2% risk of failure)
Press: ? - help, Shift-Dir - straight line, f/p - iguana
Aim: an iguana (lightly wounded, constricted by you, 100% to hit)
The blast of sand hits the iguana but does no damage.
The iguana is lightly wounded.
You constrict the iguana. The iguana bites you!
* * * LOW HITPOINT WARNING * * *
Casting: Sandblast (safe; 2% risk of failure)
Confirm with . or Enter, or press ? or * to list all spells.
Aiming: Stone Arrow (quite dangerous; 10% risk of failure)
Press: ? - help, Shift-Dir - straight line, f/p - iguana
Aim: an iguana (moderately wounded, constricted by you, 100% to hit)
You miscast Stone Arrow.
You are very lightly contaminated with residual magic.
Nothing appears to happen.
You constrict the iguana. The iguana misses you.
Okay, then.
Okay, then.
Casting: Stone Arrow (quite dangerous; 10% risk of failure)
Confirm with . or Enter, or press ? or * to list all spells.
Aiming: Sandblast (safe; 2% risk of failure)
Press: ? - help, Shift-Dir - straight line, f/p - iguana
Aim: an iguana (moderately wounded, constricted by you, 100% to hit)
The blast of sand hits the iguana but does no damage.
The iguana is moderately wounded.
You constrict the iguana. The iguana bites you.
You die...

#...#.##. .##...# #.#
#######.#.#.#8.#.
#...#####.#
......#.#.### ...
#.........# ......#.#.#
#.###....######
......#)..#
##.#.####.########
......#####
#................#
..%...#
##.#.#.....###.#.#
......# ##.###.....#
#.#.# ......#
#..@##....<# #.#.#
......#
#8.#l8#....####.#.#
<####.#
##...##.........#.# .#
#.###
##_##%...#######.# .#
#...#########.....# #.#
.######.....##........#
#.#
.....######..#........#
#.# ####.#
##..........# #####.#
####.### ###.....####
#.....#


You could see an iguana.

Vanquished Creatures
  6 adders
  3 gnolls (D:3)
  2 worms
  2 dart slugs
  2 endoplasms
  4 goblins
  4 hobgoblins
  2 jackals (D:2)
  5 quokkas
  2 ball pythons (D:3)
  6 bats
  2 frilled lizards
  8 kobolds
  3 rats
51 creatures vanquished.

Notes
Turn   | Place    | Note
-------+----------+-------------------------------------------
     0 | D:1      | BarneyGumball the Octopode Earth Elementalist began the
                  | quest for the Orb.
     0 | D:1      | Reached XP level 1. HP: 11/11 MP: 3/3
   417 | D:1      | Reached skill level 1 in Conjurations
   417 | D:1      | Reached XP level 2. HP: 17/17 MP: 3/5
  1115 | D:2      | Reached XP level 3. HP: 12/21 MP: 2/6
  1355 | D:2      | Reached skill level 4 in Earth Magic
  1355 | D:2      | Reached XP level 4. HP: 23/27 MP: 4/7
  1487 | D:2      | Learned a level 3 spell: Stone Arrow
  1876 | D:2      | Found Foddoyr's Distillery.
  1881 | D:2      | Bought a potion of heal wounds for 55 gold pieces
  2164 | D:3      | Learned a level 2 spell: Passwall
  2484 | D:3      | Reached XP level 5. HP: 13/31 MP: 3/8
  2712 | D:3      | Found a glowing golden altar of the Shining One.
  2719 | D:3      | Slain by an iguana

Illustrated notes

Levels and vault maps discovered:
D:1:      amcnicky_arrival_wind_blow, layout_loops_corners, serial_forest,
          infiniplex_forest_clump_medium, infiniplex_forest_end_2,
          infiniplex_forest_clump_diagonal, infiniplex_forest_lined_corner,
          infiniplex_forest_clump_medium, infiniplex_forest_clump_long,
          infiniplex_forest_lined_3
D:2:      layout_loops_cross, serial_shops, shop
D:3:      layout_basic, amethyst_overflow_temple_binary

Skill      XL: |  1  2  3  4 |
---------------+-------------+-----
Conjurations   | 1 2 3 |  3.2
Earth Magic    | 4 |  4.5
Dodging        | |  2.0
Stealth        | |  2.6
Spellcasting   | |  2.0
Transmutations | |  1.0

Action                     |  1- 3 |  4- 6 || total
---------------------------+-------+-------++-------
  Melee: Dagger            |     1 |     2 ||     3
         Constrict         |       |     2 ||     2
   Cast: Sandblast         |    30 |    43 ||    73
         Stone Arrow       |       |     4 ||     4
    Use: Scroll            |       |     3 ||     3
         Potion            |       |     2 ||     2
 Armour: Skin              |     5 |     9 ||    14
  Dodge: Dodged            |     5 |    14 ||    19
  Block: Other             |     1 |     3 ||     4

Table legend: (Time is in decaauts)
 A = Elapsed time spent in this place.
 B = Non-inter-level travel time spent in this place.
 C = Inter-level travel time spent in this place.
 D = Time resting spent in this place.
 E = Time spent auto-exploring this place.
 F = Levels seen in this place.
 G = Mean time per level.
                   A        B        C        D        E       F      G
               +--------+--------+--------+--------+--------+-----+--------+
         Total |   2753 |   2675 |     78 |     75 |   2302 |   3 |  917.7 |
       Dungeon |   2753 |   2675 |     78 |     75 |   2302 |   3 |  917.7 |
               +--------+--------+--------+--------+--------+-----+--------+

Top non-repeatable levels by time:
     D:1: 1117 daAuts
     D:2: 937 daAuts
     D:3: 699 daAuts
